[Event "Late-Titled-Tuesday-Blitz-January-23-2024"]
[Site "Chess.com"]
[Date "2024.01.23"]
[Round "7"]
[White "TheoSlade"]
[Black "DrCeltic"]
[Result "1/2-1/2"]
[WhiteElo "2474"]
[BlackElo "2600"]
[TimeControl "180+1"]
[EndTime "15:14:55 PST"]
[Termination "Game drawn by repetition"]

1. d4 Nf6 2. c4 c6 3. Nc3 d5 4. cxd5 cxd5 5. Bf4 Nc6 6. e3 a6 7. Be2 e6 8. Nf3 Be7 9. O-O Nh5 10. Bg3 O-O 11.
Rc1 Bd7 12. Na4 Rc8 13. Nc5 Bxc5 14. Rxc5 Nxg3 15. hxg3 Qb6 16. Qd2 f6 17. Rfc1 Ne7 18.
b4 Nf5 19. Rxc8 Rxc8 20. Rxc8+ Bxc8 21. Qc3 Bd7 22. Qc5 Qc6 23. Qxc6 Bxc6 24. Nd2 Nd6 25. Nb3 Kf7 26. Kf1 Bb5 27. Bxb5 Nxb5 28. Nc5 Nc3 29.
a3 b5 30. Nxa6 Nb1 31. Ke2 Nxa3 32. Kd3 Ke7 33. Nc5 Kd6 34. e4 Nc4 35. Nb7+ Kc6 36. Na5+ Kd6 37. Nb7+ Kc6 38. Na5+ Kd6 39. f3 Nb2+ 40.
Kc3 Nd1+ 41. Kd3 Nb2+ 42. Kc3 Nd1+ 43. Kd3 Nb2+ 1/2-1/2

[Event "Late-Titled-Tuesday-Blitz-January-23-2024"]
[Site "Chess.com"]
[Date "2024.01.23"]
[Round "7"]
[White "iturrizaga"]
[Black "K_A_S_T_O_R"]
[Result "1-0"]
[WhiteElo "3028"]
[BlackElo "2901"]
[TimeControl "180+1"]
[EndTime "15:14:57 PST"]
[Termination "iturrizaga won by resignation"]

1. Nf3 c5 2. c4 Nf6 3. Nc3 e6 4.
g3 b6 5. Bg2 Bb7 6. O-O a6 7. d4 cxd4 8. Qxd4 d6 9. Bg5 Nbd7 10.
Rfd1 Rc8 11. Rac1 Qc7 12. b3 Be7 13. Qd2 Rd8 14. Bf4 Nc5 15. h3 O-O 16. Qe3 Rfe8 17.
g4 Nfe4 18. Nxe4 Nxe4 19. Nd4 Nf6 20. Bg3 h6 21. a4 Rc8 22. b4 Red8 23. c5 Qb8 24. c6 Ba8 25. b5 axb5 26. axb5 Qc7 27. Ra1 Re8 28. Ra6 Bf8 29. Rda1 e5 30. Nf5 d5 31. Qxb6 Qxb6 32. Rxb6 g6 33. Ne3 Bc5 34.
Rba6 Bd4 35. R1a3 Bxe3 36. Rxe3 e4 37. Rea3 Kg7 38. e3 g5 39. Be5 Rxe5 40. Rxa8 Ree8 41. Rxc8 Rxc8 42. Ra7 Ne8 43. Rd7 Rb8 44. Rxd5 Nc7 45. Rd7 Nxb5 46. Rb7 1-0

[Event "Late-Titled-Tuesday-Blitz-January-23-2024"]
[Site "Chess.com"]
[Date "2024.01.23"]
[Round "7"]
[White "GMAkobianSTL"]
[Black "Sjakkerntobi"]
[Result "1/2-1/2"]
[WhiteElo "2741"]
[BlackElo "2511"]
[TimeControl "180+1"]
[EndTime "15:14:57 PST"]
[Termination "Game drawn by repetition"]

1. d4 Nf6 2. c4 e6 3. Nf3 c5 4. d5 exd5 5. cxd5 d6 6. Nc3 g6 7. Bf4 Bg7 8. Qa4+ Bd7 9. Qb3 b5 10. Bxd6 Qb6 11. Be5 O-O 12. e3 c4 13. Qd1 b4 14.
Nb1 Rc8 15. Nbd2 Bb5 16. Rc1 c3 17. bxc3 Bxf1 18. Rxf1 bxc3 19. Bxc3 Nxd5 20. Bxg7 Rxc1 21. Qxc1 Kxg7 22. Nc4 Qb4+ 23. Nfd2 Nc6 24. Qb2+ Qxb2 25. Nxb2 Nc3 26. a3 Rb8 27. Ndc4 Nb1 28. Ke2 Nxa3 29.
Ra1 Nxc4 30. Nxc4 Rb4 31. Nd6 Rb2+ 32. Kf1 a5 33. g4 h6 34. h3 Kf6 35. Nc4 Rb5 36.
Ke2 h5 37. f4 hxg4 38. hxg4 Ke6 39. g5 Rc5 40. Kd3 Rd5+ 41. Ke2 Rc5 42. Nd2 Rc2 43. Kd1 Rc3 44. Ke2 Rc2 45. Kd1 Rc3 46. Ke2 Rc2 1/2-1/2

[Event "Late-Titled-Tuesday-Blitz-January-23-2024"]
[Site "Chess.com"]
[Date "2024.01.23"]
[Round "7"]
[White "wild3000"]
[Black "AlexSuv"]
[Result "1-0"]
[WhiteElo "2467"]
[BlackElo "2556"]
[TimeControl "180+1"]
[EndTime "15:15:00 PST"]
[Termination "wild3000 won by checkmate"]

1. e4 c5 2. Nf3 d6 3. d4 cxd4 4. Nxd4 Nf6 5. Nc3 Nc6 6. Nxc6 bxc6 7. Bd3 g6 8. O-O Bg7 9. Rb1 O-O 10. b3 e5 11. a4 d5 12. Ba3 Re8 13. Re1 Qb6 14. h3 a5 15. exd5 cxd5 16. Nb5 Ba6 17. Qd2 Rad8 18. Rbd1 h5 19. Qg5 e4 20. Bf1 Kh7 21.
Bb2 Re6 22. Qe3 Qb8 23. Bd4 Bh6 24. Qc3 Bxb5 25. axb5 Bg7 26. Qxa5 g5 27. b6 h4 28. Qa7 Qd6 29. b7 g4 30. Bxf6 Rxf6 31. hxg4 h3 32. gxh3 Rg6 33. Rxe4 f5 34. Ra4 fxg4 35. Rxg4 Be5 36.
Bg2 Rd7 37. Rxd5 Rxg4 38. hxg4 Qh6 39. Rxd7+ Kg6 40. Qb6+ Bf6 41. Be4+ Kg5 42. b8=Q Qh3 43. Qe3+ Qxe3 44. fxe3 Kh4 45. Rf7 Bg5 46. Qh8+ Kg3 47.
Kf1 Kxg4 48. Qh7 Kg3 49. Qf5 Kh4 50. Rh7+ Kg3 51. Qf3# 1-0

[Event "Late-Titled-Tuesday-Blitz-January-23-2024"]
[Site "Chess.com"]
[Date "2024.01.23"]
[Round "7"]
[White "NtcPou"]
[Black "TV27"]
[Result "0-1"]
[WhiteElo "2007"]
[BlackElo "2181"]
[TimeControl "180+1"]
[EndTime "15:15:00 PST"]
[Termination "TV27 won by checkmate"]

1. e4 c5 2. Nf3 Nc6 3. Bb5 Nf6 4. Nc3 Nd4 5. O-O a6 6. Be2 Nxf3+ 7. Bxf3 e5 8. d3 d6 9. Bg5 Be7 10. Ne2 Be6 11. c3 h6 12. Bxf6 Bxf6 13. d4 O-O 14. a4 Rb8 15. a5 g5 16. h3 Bg7 17. g4 h5 18. Ng3 h4 19. Nf5 Bxf5 20. gxf5 exd4 21.
cxd4 Bxd4 22. Bh5 Qf6 23. Kh1 Kh8 24. Qb3 Bxb2 25. Rab1 Bd4 26. Qd5 Kg7 27. Rxb7 Rxb7 28. Qxb7 Qe5 29. f4 gxf4 30. Bf3 Kh8 31. Qxa6 Qg7 32.
Qxd6 Qg3 33. Qh6+ Kg8 34. Bg2 Be3 35. Rf3 Qe1+ 36. Kh2 Bg1+ 37. Kh1 Be3+ 38. Kh2 Qg1# 0-1

[Event "Late-Titled-Tuesday-Blitz-January-23-2024"]
[Site "Chess.com"]
[Date "2024.01.23"]
[Round "7"]
[White "Lennis93"]
[Black "Pawngobblerx2000"]
[Result "0-1"]
[WhiteElo "2704"]
[BlackElo "2583"]
[TimeControl "180+1"]
[EndTime "15:15:01 PST"]
[Termination "Pawngobblerx2000 won by checkmate"]

1. d4 d5 2. c4 c6 3. Nf3 Nf6 4. g3 dxc4 5. Bg2 b5 6. O-O Bb7 7. a4 e6 8. Ne5 a6 9. Nc3 Qc8 10. b3 b4 11. Ne4 Nxe4 12. Bxe4 c3 13. a5 Nd7 14. Nc4 Be7 15. Qd3 f5 16. Bg2 O-O 17.
Bf4 c5 18. Nd6 Bxd6 19. Bxb7 Qxb7 20. Bxd6 Rfd8 21. Qc4 Qd5 22. Qxd5 exd5 23. dxc5 Rac8 24.
Ra4 Nxc5 25. Bxc5 Rxc5 26. Rxb4 d4 27. Rd1 c2 28. Rc1 d3 29. exd3 Rxd3 30. Rb8+ Kf7 31. Kg2 Rd1 32. Rb7+ Ke6 33. Rb6+ Kd5 34. Rxc2 Rxc2 35.
Rxa6 Rdd2 36. Kf3 Rxf2+ 37. Ke3 Rxh2 38. Rb6 Rc3+ 39. Kf4 Rf2+ 40. Kg5 Rxg3+ 41. Kh4 Rg4+ 42. Kh3 Rf1 43. Kh2 Rc1 44. a6 Rc6 45. a7 Rc2+ 46. Kh3 Ra2 47. Rb7 Kc6 48. Rf7 Ra3 49. Rxf5 Rg1 50.
Rf7 Kb6 51. Kh2 Rg5 52. a8=Q Rxa8 53. Rf2 Re8 54. b4 Re6 55. Rf6 Rxf6 56. b5 Rh6# 0-1

[Event "Late-Titled-Tuesday-Blitz-January-23-2024"]
[Site "Chess.com"]
[Date "2024.01.23"]
[Round "7"]
[White "Quattroporte300"]
[Black "Nf3c5"]
[Result "1-0"]
[WhiteElo "2437"]
[BlackElo "2529"]
[TimeControl "180+1"]
[EndTime "15:15:01 PST"]
[Termination "Quattroporte300 won on time"]

1. e4 c5 2. c3 Qa5 3. Nf3 Nc6 4.
Be2 d6 5. O-O Nf6 6. d3 Bg4 7.
Nbd2 e6 8. h3 Bh5 9. Nc4 Qc7 10.
Bf4 Nd7 11. d4 Bxf3 12. Bxf3 cxd4 13. cxd4 Nxd4 14. Qxd4 e5 15. Qd3 exf4 16. Rac1 Nc5 17. Qd5 Rd8 18. b4 Ne6 19. Na5 Qb6 20. Nxb7 Rb8 21.
Na5 Be7 22. Nc6 Rb7 23. Nxe7 Rxe7 24. Rc8+ Nd8 25. Rfc1 O-O 26. a3 Ne6 27. R8c6 Qb8 28. Rxd6 g6 29. h4 Nc7 30. Qc6 Nb5 31. Rd5 Nxa3 32.
h5 Qxb4 33. h6 Qb2 34. Rc3 Qb1+ 35. Kh2 Qb6 36. Qc8 1-0

[Event "Late-Titled-Tuesday-Blitz-January-23-2024"]
[Site "Chess.com"]
[Date "2024.01.23"]
[Round "7"]
[White "sansanathalia"]
[Black "ChEsper99"]
[Result "1-0"]
[WhiteElo "2380"]
[BlackElo "2105"]
[TimeControl "180+1"]
[EndTime "15:15:01 PST"]
[Termination "sansanathalia won by resignation"]

1. e4 c6 2. d4 d5 3. exd5 cxd5 4. c4 Nf6 5. Nc3 e6 6. Nf3 Bb4 7. Be2 O-O 8. O-O b6 9. a3 Be7 10. Ne5 Bb7 11. Bf3 Qc8 12. cxd5 Nxd5 13. Nxd5 Bxd5 14. Bxd5 exd5 15. Be3 Nd7 16. Rc1 Qb7 17. Qf3 Nxe5 18.
dxe5 Rac8 19. Rcd1 Rfd8 20. Qg4 Qd7 21. Qg3 Bc5 22. Bd4 Bxd4 23. Rxd4 Rc4 24. Rd3 Qf5 25. h3 h5 26. Rf3 Qe4 27. Qg5 Re8 28. Qxh5 Re7 29.
Rd1 Qxe5 30. Rf5 Qe2 31. Rfxd5 Qxh5 32. Rxh5 Re2 33. Rd8+ 1-0

[Event "Late-Titled-Tuesday-Blitz-January-23-2024"]
[Site "Chess.com"]
[Date "2024.01.23"]
[Round "7"]
[White "messiboca"]
[Black "Siemba"]
[Result "1-0"]
[WhiteElo "2778"]
[BlackElo "2570"]
[TimeControl "180+1"]
[EndTime "15:15:03 PST"]
[Termination "messiboca won on time"]

1. d4 Nf6 2. c4 g6 3. Nc3 Bg7 4. Nf3 d6 5. Bg5 O-O 6. e3 h6 7. Bh4 b6 8. Be2 Bb7 9. Qc2 Nbd7 10. O-O g5 11. Bg3 e6 12. Nd2 a6 13. f4 Nh7 14. f5 exf5 15. Rxf5 Qe7 16. Bf2 Rae8 17. Nd5 Qd8 18. Bd3 Ndf6 19. Rf1 Nxd5 20. cxd5 Nf6 21.
h4 Nxd5 22. hxg5 hxg5 23. Be4 Nb4 24. Qb1 d5 25. Bf3 Bc8 26. a3 Bxf5 27. Qxf5 Nc6 28. Bd1 Qf6 29. Qxd5 Rd8 30. Qe4 Rfe8 31. Qg4 Qg6 32.
Bb3 Re7 33. Nf3 Bf6 34. Ba2 Qe4 35. Qg3 Kg7 36. Bb1 Qe6 37. Nxg5 Bxg5 38. Qxg5+ Kf8 39. Rc1 Rd5 40. Qh4 Ke8 41. Ba2 Kd7 42. Qf4 1-0

[Event "Late-Titled-Tuesday-Blitz-January-23-2024"]
[Site "Chess.com"]
[Date "2024.01.23"]
[Round "7"]
[White "Sanyura"]
[Black "IngOscarArdila"]
[Result "1-0"]
[WhiteElo "2621"]
[BlackElo "2366"]
[TimeControl "180+1"]
[EndTime "15:15:03 PST"]
[Termination "Sanyura won by checkmate"]

1. Nf3 Nf6 2. g3 g6 3. Bg2 Bg7 4. O-O O-O 5. d3 d6 6. Nbd2 Nbd7 7. e4 e5 8. Nh4 Nh5 9. Nf5 Ndf6 10. Nxg7 Nxg7 11.
f4 exf4 12. gxf4 Nfh5 13. f5 gxf5 14. exf5 Qf6 15. Ne4 Qd4+ 16. Kh1 f6 17. Bh6 d5 18. c3 Qe5 19. d4 Qe7 20. Ng3 Nxg3+ 21. hxg3 c6 22.
Qg4 Kh8 23. Rae1 Qf7 24. Rf4 Bd7 25. Qh3 Rae8 26. Ref1 Rg8 27. Rh4 Nxf5 28. Rxf5 Qg6 29. Rhf4 Re1+ 30. Kh2 Bxf5 31. Rxf5 Rge8 32. Bf4 R1e2 33.
Rh5 Rxb2 34. Rh6 Qg7 35. Qf5 Kg8 36. Rxf6 Rbe2 37. Be5 h6 38. Re6 Qf7 39. Qg4+ Kh7 40. Rxe8 Rxg2+ 41. Kxg2 h5 42. Rh8# 1-0

[Event "Late-Titled-Tuesday-Blitz-January-23-2024"]
[Site "Chess.com"]
[Date "2024.01.23"]
[Round "7"]
[White "ChessFighter_2011"]
[Black "Sanan_Sjugirov"]
[Result "1-0"]
[WhiteElo "2942"]
[BlackElo "3015"]
[TimeControl "180+1"]
[EndTime "15:15:04 PST"]
[Termination "ChessFighter_2011 won on time"]

1. e4 c5 2. Nf3 d6 3. Bb5+ Bd7 4. c4 Nf6 5. Nc3 a6 6. Bxd7+ Qxd7 7. O-O e6 8. d4 cxd4 9. Nxd4 Nc6 10. b3 Be7 11.
Bb2 O-O 12. Qd2 Nxd4 13. Qxd4 Qc7 14. Rad1 Rac8 15. Kh1 Rfd8 16. f4 h6 17. Qd3 Qa5 18. Qf3 Qh5 19. Qxh5 Nxh5 20. e5 dxe5 21. fxe5 g5 22.
Ne4 Nf4 23. Nd6 Rc7 24. g3 Ng6 25. Bc3 b6 26. Bd4 Rcd7 27. Bxb6 Rb8 28. c5 Nxe5 29.
Nxf7 Rxd1 30. Nxh6+ Kg7 31. Rxd1 Kxh6 32. Bc7 Rc8 33.
Bxe5 Rxc5 34. Bd6 Bxd6 35. Rxd6 Rc1+ 36. Kg2 Rc2+ 37. Kh3 Rxa2 38. Rxe6+ Kg7 39. Kg4 a5 40. h3 Ra3 41. Rb6 Kf7 42. Rb5 Kf6 43. Rf5+ Ke6 44. Rxg5 a4 45. Ra5 1-0

[Event "Late-Titled-Tuesday-Blitz-January-23-2024"]
[Site "Chess.com"]
[Date "2024.01.23"]
[Round "7"]
[White "djano"]
[Black "BilodeauA"]
[Result "1/2-1/2"]
[WhiteElo "2715"]
[BlackElo "2940"]
[TimeControl "180+1"]
[EndTime "15:15:04 PST"]
[Termination "Game drawn by repetition"]

1. e4 e5 2. Nf3 Nc6 3. Bc4 Bc5 4. c3 Nf6 5. d4 exd4 6. e5 d5 7. Be2 Ne4 8. cxd4 Bb6 9. Nc3 O-O 10. O-O Ne7 11.
h3 c6 12. Bf4 Bf5 13. Rc1 Ng6 14. Bh2 f6 15. exf6 Qxf6 16. Na4 Be6 17. Nxb6 axb6 18.
a3 Nf4 19. Bxf4 Qxf4 20. Qd3 Bf5 21. Qe3 Qxe3 22. fxe3 Ng3 23. Rf2 Nxe2+ 24. Rxe2 Bxh3 25. Ne5 Bf5 26. Rf2 h5 27. Rcf1 g6 28. Kh2 b5 29.
Kg3 Kg7 30. Rf4 Rfe8 31. Rc1 Ra4 32. Rc3 Re7 33. Rb3 Kf6 34. Rc3 b4 35. Rb3 bxa3 36.
bxa3 g5 37. Rf2 Ke6 38. Rfb2 Ra7 39. Rf2 h4+ 40. Kh2 Re8 41. Nf3 Rg8 42. Ne5 Be4 43.
Kh3 Bf5+ 44. Kh2 Rga8 45. Nf3 Kf6 46. Ne5 Ke6 47. Nf3 Rg8 48. Ne5 1/2-1/2

[Event "Late-Titled-Tuesday-Blitz-January-23-2024"]
[Site "Chess.com"]
[Date "2024.01.23"]
[Round "7"]
[White "pr1105"]
[Black "Practical-Play"]
[Result "1-0"]
[WhiteElo "2335"]
[BlackElo "2514"]
[TimeControl "180+1"]
[EndTime "15:15:07 PST"]
[Termination "pr1105 won by resignation"]

1. e4 d5 2. exd5 Nf6 3. d4 Bg4 4. f3 Bf5 5. g4 Bg6 6. c4 e6 7. dxe6 Nc6 8. Ne2 Nb4 9. Nf4 Nc2+ 10. Kf2 Nxa1 11. Nxg6 hxg6 12. Nc3 Qd6 13. Be3 Rxh2+ 14. Rxh2 Qxh2+ 15. Bg2 O-O-O 16. Qxa1 Bd6 17. exf7 Qg3+ 18.
Kf1 Nxg4 19. Bg1 Nh2+ 20. Bxh2 Qxh2 21. Qb1 Qh5 22. Qe4 Qf5 23. Qe8 Qd3+ 24. Ne2 Qf5 25.
c5 Bf8 26. f4 Qd7 27. Qxd7+ Kxd7 28. Bxb7 c6 29. Ba6 Ke6 30. Bc4+ Kf5 31. Kf2 Be7 32. Kf3 Kf6 33. Ng3 Rxd4 34. Ne4+ Kf5 35. b3 Rd8 36. Nd6+ Bxd6 37. cxd6 Kf6 38. Ke4 g5 39. fxg5+ Kxg5 40. Ke5 Kg6 41. Ke6 Rf8 42. Ke7 Rh8 43. f8=Q Rxf8 44. Kxf8 1-0

[Event "Late-Titled-Tuesday-Blitz-January-23-2024"]
[Site "Chess.com"]
[Date "2024.01.23"]
[Round "7"]
[White "Jem"]
[Black "PapaieDudu"]
[Result "0-1"]
[WhiteElo "2165"]
[BlackElo "2416"]
[TimeControl "180+1"]
[EndTime "15:15:07 PST"]
[Termination "PapaieDudu won by checkmate"]

1. e4 c5 2. Nf3 d6 3. d4 cxd4 4.
Qxd4 Nc6 5. Bb5 Bd7 6. Bxc6 bxc6 7. c4 Nf6 8. Nc3 h6 9. h3 e5 10. Qd3 Be7 11. Be3 Qc7 12. O-O O-O 13. c5 dxc5 14. Rac1 Rfd8 15. Qc2 Be6 16. Na4 c4 17. Nc5 Bxc5 18.
Bxc5 Rab8 19. Ba3 Nd7 20. Nd2 Nb6 21. Rfd1 c5 22. Nf1 Rd4 23. Ne3 Rbd8 24. f3 f6 25. Kh2 Nc8 26. b3 cxb3 27. axb3 Qb8 28. Bxc5 Bxb3 29.
Rxd4 exd4+ 30. g3 Bxc2 31. Nxc2 d3 32. Nd4 Rxd4 33. Bxd4 d2 34. Rd1 Qb4 35. Be3 Qb3 36. Rxd2 Qxe3 37. Rd8+ Kh7 38. Rxc8 Qf2+ 39. Kh1 Qxf3+ 40.
Kh2 Qf2+ 41. Kh1 Qxg3 42. Rc2 Qxh3+ 43. Rh2 Qf3+ 44. Rg2 Qxe4 45. Kg1 Qxg2+ 46. Kxg2 Kg6 47. Kg3 Kf5 48. Kg2 g5 49. Kg3 h5 50. Kg2 a5 51.
Kg1 a4 52. Kg2 a3 53. Kg1 a2 54. Kg2 a1=Q 55. Kh2 Qb2+ 56. Kh3 g4+ 57. Kg3 h4+ 58. Kxh4 Qh2# 0-1

[Event "Late-Titled-Tuesday-Blitz-January-23-2024"]
[Site "Chess.com"]
[Date "2024.01.23"]
[Round "7"]
[White "HackingKid98"]
[Black "Harry_Rakkel"]
[Result "0-1"]
[WhiteElo "2539"]
[BlackElo "2704"]
[TimeControl "180+1"]
[EndTime "15:15:08 PST"]
[Termination "Harry_Rakkel won on time"]

1. Nf3 Nf6 2. c4 e6 3. g3 d5 4. d4 Bb4+ 5. Bd2 Be7 6. Bg2 O-O 7. Bc3 b6 8. Nbd2 Bb7 9. O-O Nbd7 10. Ne5 c5 11.
Qb3 Rc8 12. Nxd7 Qxd7 13. dxc5 dxc4 14. Nxc4 Bxg2 15. Kxg2 Rxc5 16. Ne3 Ne4 17. Rac1 Rfc8 18. Rfd1 Qc6 19. Kg1 Ng5 20. f3 Nxf3+ 21. exf3 Qxf3 22. Ng2 Bg5 23. Rf1 Qb7 24. Rcd1 h5 25. Qa4 Rc4 26. Qd7 R4c7 27. Rxf7 Rxd7 28. Rdxd7 Qe4 29. Rxg7+ Kf8 30. Rxg5 Rxc3 31. bxc3 Qb1+ 32. Kf2 Qc2+ 33. Kf3 Qxc3+ 34. Kf2 Qc2+ 35. Kf3 Qc3+ 36. Kf2 Qc2+ 37. Kf3 Qc6+ 0-1

[Event "Late-Titled-Tuesday-Blitz-January-23-2024"]
[Site "Chess.com"]
[Date "2024.01.23"]
[Round "7"]
[White "GM_dmitrij"]
[Black "grzechu96"]
[Result "1-0"]
[WhiteElo "2993"]
[BlackElo "2717"]
[TimeControl "180+1"]
[EndTime "15:15:09 PST"]
[Termination "GM_dmitrij won on time"]

1. d4 d5 2. c4 c6 3. cxd5 cxd5 4. Nc3 Nc6 5. e4 Nf6 6. e5 Ng8 7. Be3 e6 8. Bd3 Nge7 9. Nge2 Bd7 10. O-O Ng6 11. g3 Be7 12. h4 f5 13. exf6 Bxf6 14. Bxg6+ hxg6 15. Qd3 Kf7 16. Nf4 Ne7 17. Rfe1 Nf5 18.
Ng2 Rc8 19. Ne2 Qb6 20. Qd2 Bb5 21. Rad1 Bxe2 22. Qxe2 Rc6 23. Nf4 Rhc8 24. Qg4 Ne7 25. b3 Qa6 26. Re2 Rc2 27. Bd2 R8c6 28. Rde1 Qxa2 29.
Nxe6 Rxd2 30. Nd8+ Kf8 31. Nxc6 bxc6 32. Rxe7 Bxe7 33.
Qc8+ Kf7 34. Qe6+ Kf8 35. Qxe7+ Kg8 36. Qe8+ Kh7 37. h5 Qc2 38. hxg6+ Qxg6 39. Qe3 Qd3 40.
Qe5 1-0

[Event "Late-Titled-Tuesday-Blitz-January-23-2024"]
[Site "Chess.com"]
[Date "2024.01.23"]
[Round "7"]
[White "dosto07"]
[Black "alexgo05"]
[Result "0-1"]
[WhiteElo "2527"]
[BlackElo "2393"]
[TimeControl "180+1"]
[EndTime "15:15:10 PST"]
[Termination "alexgo05 won by resignation"]

1. e4 c6 2. d4 g6 3. Nc3 Bg7 4. Nf3 d5 5. h3 dxe4 6. Nxe4 Nf6 7. Nxf6+ exf6 8. Be2 O-O 9. O-O a5 10. Be3 Nd7 11.
Qd2 Nb6 12. c4 Be6 13. Rac1 Nc8 14. Rfd1 Ne7 15. Bh6 Bxh6 16. Qxh6 Qd7 17. Qf4 Rfd8 18. Qxf6 Qc7 19. d5 cxd5 20. cxd5 Nxd5 21. Rxc7 Nxf6 22. Rxd8+ Rxd8 23. Rxb7 Bxa2 24. Ra7 Rd5 25. h4 Bb3 26. Ng5 Rc5 27. Bf3 a4 28. Kh2 Rc2 29. Kg3 Rxb2 30.
Bc6 Ra2 31. Rb7 Rc2 32. Rb6 Rc3+ 33. f3 a3 34. Ra6 a2 35. Ra8+ Kg7 36. Be4 Rc1 37. Rb8 a1=Q 38. Rxb3 Qe5+ 39. Kf2 h6 40. Nh3 Nxe4+ 41. fxe4 Qxe4 42. Rf3 Rc2+ 43. Kg3 Qe5+ 44. Nf4 g5 45. hxg5 hxg5 46. Kg4 gxf4 47. Rxf4 Rxg2+ 48. Kf3 Rf2+ 49. Kxf2 Qxf4+ 0-1

[Event "Late-Titled-Tuesday-Blitz-January-23-2024"]
[Site "Chess.com"]
[Date "2024.01.23"]
[Round "7"]
[White "AsaHoffmann"]
[Black "subham777"]
[Result "0-1"]
[WhiteElo "2376"]
[BlackElo "2544"]
[TimeControl "180+1"]
[EndTime "15:15:11 PST"]
[Termination "subham777 won by resignation"]

1. d4 d5 2. Bg5 Nf6 3. Nd2 e6 4. e3 Be7 5. Bd3 O-O 6. f4 b6 7. Ngf3 Bb7 8. Ne5 Ne4 9. Bxe7 Qxe7 10. Bxe4 dxe4 11. O-O Nd7 12. c3 Rad8 13. Qe1 f5 14. Kh1 Nf6 15. Rg1 c5 16. g4 Nxg4 17. Nxg4 fxg4 18. Rxg4 cxd4 19. cxd4 Rf5 20. Qg3 g6 21.
Rg1 Kh8 22. Nc4 Rxd4 23. Ne5 Rxe5 24. fxe5 Rd8 25. Qh4 Qxh4 26. Rxh4 Kg7 27. Rf4 Rd3 28. Rgf1 Bd5 29. Rf7+ Kh6 30. Rxa7 Rxe3 31. Kg2 Re2+ 32. Kg3 Rxb2 33. Rff7 Rxa2 34. Rxh7+ Kg5 35. h4+ Kf5 36. Raf7+ Kxe5 37. Rhg7 e3 38. Rf1 Rg2+ 39. Kh3 Rd2 40. Re1 Kd4 41. Rxg6 Be4 42. Rg3 Bf5+ 43. Rg4+ Bxg4+ 44. Kxg4 Kd3 45. h5 e2 46. h6 Ke3 47. h7 Rd8 48.
Rh1 Rh8 49. Kg5 Rxh7 50. Rxh7 e1=Q 51. Re7 Qg3+ 52. Kf6 Qh4+ 53. Kxe6 Kd4 54. Kd6 Qxe7+ 55. Kxe7 b5 56. Kd6 b4 0-1

[Event "Late-Titled-Tuesday-Blitz-January-23-2024"]
[Site "Chess.com"]
[Date "2024.01.23"]
[Round "7"]
[White "Mikhal867"]
[Black "ritanovikova"]
[Result "1/2-1/2"]
[WhiteElo "2415"]
[BlackElo "2193"]
[TimeControl "180+1"]
[EndTime "15:15:11 PST"]
[Termination "Game drawn by repetition"]

1. d4 g6 2. e4 Bg7 3. Nc3 d6 4. f4 Nc6 5. Nf3 Bg4 6. Be3 e5 7. fxe5 dxe5 8. d5 Nce7 9. h3 Bxf3 10. Qxf3 f5 11. O-O-O f4 12. Bb5+ Kf8 13. g3 g5 14. h4 h6 15. hxg5 hxg5 16. Rxh8 Bxh8 17. gxf4 exf4 18. Bxf4 gxf4 19. Qxf4+ Kg7 20. Rg1+ Ng6 21.
Qg3 Ne7 22. e5 Kf8 23. Rf1+ Kg8 24. Bd3 Bxe5 25. Qg5 Qd6 26. Kb1 Bxc3 27. bxc3 Qe5 28. Qg4 Kg7 29. Rg1 Qf6 30. c4 Rf8 31. Qd7 Rf7 32. Qe8 Nf5 33. c5 Re7 34. Qc8 Rf7 35. Rf1 Nge7 36. Qxb7 Qd4 37. d6 cxd6 38. cxd6 Qxd6 39.
Qg2+ Qg6 40. Qh2 Qb6+ 41. Kc1 Qe3+ 42. Kb1 Qb6+ 43. Kc1 Qe3+ 44. Kb1 Qb6+ 1/2-1/2

[Event "Late-Titled-Tuesday-Blitz-January-23-2024"]
[Site "Chess.com"]
[Date "2024.01.23"]
[Round "7"]
[White "egnfanclub"]
[Black "JoakimVonAnd"]
[Result "0-1"]
[WhiteElo "2380"]
[BlackElo "2629"]
[TimeControl "180+1"]
[EndTime "15:15:12 PST"]
[Termination "JoakimVonAnd won on time"]

1. e4 c6 2. d4 d5 3. exd5 cxd5 4. c4 Nf6 5. Nc3 g6 6. cxd5 Bg7 7. Qb3 O-O 8. Be2 Na6 9. Bf3 b5 10. d6 Rb8 11. Nge2 b4 12. Nd5 Nxd5 13. Bxd5 e6 14.
Bf3 Bb7 15. Bf4 Bxf3 16. Qxf3 Rb5 17. O-O Rd5 18. Rfd1 h5 19. h3 Nb8 20. Rac1 Qb6 21. a3 Nc6 22. Qe3 a5 23. Bg3 Rd8 24. Rd3 Bf6 25.
axb4 axb4 26. Rcd1 Kg7 27. Nf4 R5xd6 28. Nxh5+ gxh5 29. Bxd6 h4 30. Be5 Bxe5 31. Qg5+ Kf8 32. dxe5 Rxd3 33.
Rxd3 Qc5 34. Qh6+ Ke7 35. Qf6+ Ke8 36. Rf3 Nxe5 37. Re3 Nc6 38. Qxh4 Qc1+ 39. Kh2 Qxb2 40. Qh6 Qd4 41. Rg3 Qd6 0-1

[Event "Late-Titled-Tuesday-Blitz-January-23-2024"]
[Site "Chess.com"]
[Date "2024.01.23"]
[Round "7"]
[White "ClayK1ng"]
[Black "mbchess97"]
[Result "0-1"]
[WhiteElo "2244"]
[BlackElo "2333"]
[TimeControl "180+1"]
[EndTime "15:15:13 PST"]
[Termination "mbchess97 won by resignation"]

1. e4 c5 2. c3 Nf6 3. e5 Nd5 4. d3 e6 5. Nf3 d6 6. g3 Nc6 7.
Qe2 Qc7 8. exd6 Bxd6 9. Bg2 O-O 10. Nbd2 b6 11. O-O Ba6 12. Nc4 Be7 13. h4 Rad8 14. Bg5 h6 15. Bxe7 Qxe7 16. Rfd1 Qf6 17. Nce5 Nce7 18.
a4 Nc7 19. a5 b5 20. Rd2 b4 21. Qe3 Rd5 22. c4 Nf5 23. Qe4 Rd6 24. b3 Rfd8 25.
Re1 Ne8 26. Ng4 Qc3 27. Ne3 Nd4 28. Rdd1 Nf6 29. Qf4 Nxb3 30. g4 Rxd3 31. g5 hxg5 32. hxg5 Ne8 33. Rxd3 Rxd3 34. Re2 Nd4 35. Nxd4 Qxd4 36.
Qb8 Kf8 37. Qxa7 Bxc4 38. Nxc4 Qxc4 39. a6 Rd1+ 40. Kh2 Qxe2 41. Bh3 Qxf2+ 42. Bg2 Qh4+ 0-1

[Event "Late-Titled-Tuesday-Blitz-January-23-2024"]
[Site "Chess.com"]
[Date "2024.01.23"]
[Round "7"]
[White "Ducke13"]
[Black "Inepton_Fermion"]
[Result "1-0"]
[WhiteElo "2316"]
[BlackElo "2435"]
[TimeControl "180+1"]
[EndTime "15:15:16 PST"]
[Termination "Ducke13 won by checkmate"]

1. d4 Nf6 2. g3 g6 3. Bg2 Bg7 4. e4 d6 5. Ne2 O-O 6. O-O e6 7.
Nbc3 c5 8. dxc5 dxc5 9. e5 Nfd7 10. f4 a6 11. Be3 Qc7 12. Ne4 Nc6 13. Qd6 Qxd6 14. Nxd6 Rd8 15. Rad1 Bf8 16. Nc3 Rb8 17. Nce4 b6 18. Nxc8 Rbxc8 19. Rxd7 Rxd7 20. Nf6+ Kg7 21. Nxd7 Be7 22. a3 Na5 23. b3 b5 24. Rd1 b4 25. a4 c4 26. Nb6 cxb3 27. cxb3 Rc3 28. Rd7 Rxe3 29. Rxe7 Nxb3 30. Nd7 Nd4 31. Nf6 b3 32.
Re8 Kh6 33. Rh8 g5 34. Rxh7+ Kg6 35. Rh8 Kf5 36. Bh3+ g4 37. Bxg4+ Kg6 38. Bh5+ Kf5 39. Bxf7 Nf3+ 40. Kf2 b2 41. Rh5+ Ng5 42. Rxg5# 1-0

[Event "Late-Titled-Tuesday-Blitz-January-23-2024"]
[Site "Chess.com"]
[Date "2024.01.23"]
[Round "7"]
[White "MITerryble"]
[Black "Mops_2004"]
[Result "0-1"]
[WhiteElo "3010"]
[BlackElo "2869"]
[TimeControl "180+1"]
[EndTime "15:15:18 PST"]
[Termination "Mops_2004 won by resignation"]

1. d4 d5 2. Bg5 f6 3. Bc1 Nc6 4. e3 e5 5. Nf3 e4 6. Nfd2 f5 7.
c4 Nf6 8. Nc3 Be6 9. Qb3 Qd7 10. Qa4 a6 11. a3 Be7 12. g3 O-O 13.
Be2 Kh8 14. h4 dxc4 15. Bxc4 b5 16. Bxe6 Qxe6 17. Qb3 Qd7 18. Ndb1 Na5 19. Qc2 Rac8 20. b4 Nc4 21. Nd2 Nxd2 22. Bxd2 c6 23. Ne2 Bd6 24.
Nc1 Nd5 25. Nb3 h6 26. h5 Qf7 27. Rc1 Nf6 28. Qd1 Kh7 29. Na5 Qd7 30. Qc2 Rc7 31. Bc3 Nd5 32. Bb2 Rfc8 33. Nb3 Qf7 34. Nc5 Bxc5 35. dxc5 Rd7 36. Be5 a5 37. bxa5 Ra8 38.
Qe2 Rxa5 39. Bb2 b4 40. axb4 Nxb4 41. O-O Ra2 42. Ra1 Rda7 43. Qd2 Nd3 44. Rfb1 Rxb2 45. Qc3 Rba2 46. Rxa2 Qxa2 47. Rf1 Qe2 48. Qc4 Qxh5 49.
Qe6 Rc7 50. Qd6 Qf7 51. Rb1 Qe7 52. Qd4 Nxc5 53. Qd8 Qxd8 0-1